 Dungeon Crawl Stone Soup version 0.29.0-5-ge4962eb29e (webtiles) character file.

Game seed: 7599397490931668811

4561 Zeldest the Summoner (level 10, -8/69 HPs)
             Began as a Mummy Summoner on Aug 29, 2022.
             Was a Follower of Hepliaklqana.
             Mangled by a cyclops (15 damage)
             ... on level 8 of the Dungeon.
             The game lasted 00:21:24 (10313 turns).

Zeldest the Summoner (Mummy Summoner)              Turns: 10313, Time: 00:21:25

Health: -8/69      AC:  4    Str: 12    XL:     10   Next: 18%
Magic:  2/17       EV: 12    Int: 18    God:    Hepliaklqana [*.....]
Gold:   291        SH:  0    Dex: 13    Spells: 10/19 levels left

rFire   x . .      SeeInvis .   s - +5 rapier "Viure" {flame, rN+ rCorr}
rCold   + . .      Faith    .   (no shield)
rNeg    + + +      Spirit   .   a - +0 robe
rPois   ∞          Reflect  .   k - +0 helmet
rElec   .          Harm     .   (no cloak)
rCorr   +          Rampage  .   e - +0 pair of gloves
Will    ++...                   (no boots)
Stlth   ++........              (no amulet)
HPRegen 0.21/turn               g - ring of willpower
MPRegen 0.15/turn               (no ring)

@: about to teleport, studying Shields
A: reduced essence, cold resistance 1, negative energy resistance 3, torment
resistance 2, heat vulnerability 1, in touch with death 1, no potions
a: Renounce Religion, Recall Ancestor, Ancestor Identity


You were on level 8 of the Dungeon.
You worshipped Hepliaklqana.
Hepliaklqana was aware of your devotion.
You visited 2 branches of the dungeon, and saw 9 of its levels.

You collected 552 gold pieces.
You spent 261 gold pieces at shops.

Inventory:

Hand Weapons
 f - a +0 hammer of venom
 i - a +0 hand axe of electrocution
 s - the +5 rapier "Viure" (weapon) {flame, rN+ rCorr}
   (You bought it in a shop on level 8 of the Dungeon)

   It burns those it strikes, dealing additional fire damage.
   rN:        It protects you from negative energy.
   rCorr:     It protects you from acid and corrosion.
Missiles
 b - 2 curare-tipped darts
Armour
 a - a +0 robe (worn)
 e - a +0 pair of gloves (worn)
 k - a +0 helmet (worn)
Jewellery
 g - a ring of willpower (left hand)
 p - a +4 ring of evasion
 t - an amulet of reflection
Wands
 h - a wand of iceblast (4)
 q - a wand of flame (25)
Scrolls
 c - 6 scrolls of identify {unknown}
 d - a scroll of summoning {unknown}
 j - a scroll of noise {unknown}
 l - a scroll of amnesia {unknown}
 m - a scroll of enchant armour {unknown}
 n - a scroll of poison {unknown}
 o - a scroll of fear {unknown}
 r - a scroll of teleportation


   Skills:
 + Level 6.7 Fighting
 + Level 4.8 Polearms
 - Level 1.5 Dodging
 - Level 1.5 Stealth
 - Level 5.0 Spellcasting
 - Level 3.0 Hexes
 * Level 8.8 Summonings
 + Level 4.0 Invocations


You had 10 spell levels left.
You knew the following spells:

 Your Spells              Type           Power      Damage    Failure   Level
a - Call Imp              Summ           36%        N/A       1%          2
b - Summon Small Mammal   Summ           100%       N/A       1%          1
c - Call Canine Familiar  Summ           36%        N/A       1%          3
d - Summon Guardian Gole  Hex/Summ       25%        N/A       3%          3

Your spell library contained the following spells:

 Spells                   Type           Power      Damage    Failure   Level
 Tukima's Dance           Hex            15%        N/A       12%         3
 Scorch                   Fire           8%         2d5       21%         2
 Dazzling Flash           Conj/Hex       18%        N/A       22%         3
 Inner Flame              Hex/Fire       9%         N/A       22%         3
 Animate Armour           Summ/Erth      40%        N/A       22%         4
 Summon Lightning Spire   Summ/Air       20%        N/A       22%         4
 Gell's Gravitas          Tloc           4%         N/A       36%         3
 Lesser Beckoning         Tloc           4%         N/A       36%         3
 Teleport Other           Tloc           4%         N/A       36%         3
 Cause Fear               Hex            7%         N/A       36%         4
 Summon Cactus Giant      Summ           18%        N/A       47%         6
 Flame Wave               Conj/Fire      4%         2d5       78%         4
 Passage of Golubria      Tloc           4%         N/A       78%         4
 Silence                  Hex/Air        4%         N/A       89%         5
 Yara's Violent Unravell  Hex/Tmut       4%         3d4       89%         5
 Agony                    Necr           6%         N/A       98%         5
 Iron Shot                Conj/Erth      2%         9d2       100%        6
 Discord                  Hex            7%         N/A       100%        8
 Blade Hands              Tmut           Unusable   N/A       N/A         5

Dungeon Overview and Level Annotations

Branches:
Dungeon (8/15)             Temple (1/1) D:7            Lair (0/5) D:8

Altars:
Ashenzari
Cheibriados
Dithmenos
Fedhas
Gozag
Hepliaklqana
Kikubaaqudgha
Makhleb
Nemelex Xobeh
Okawaru
Qazlal
Ru
Sif Muna
Trog
Uskayaw
Vehumet
Wu Jian
Xom
Yredelemnul

Shops:
D:8 (

Annotations:
D:3 1 runed translucent door, Crazy Yiuf


Innate Abilities, Weirdness & Mutations

Your life essence is reduced to manifest your ancestor. (-10% HP)
You are immune to poison.
Your flesh is cold resistant. (rC+)
You are immune to negative energy. (rN+++)
You are immune to unholy pain and torment.
You are vulnerable to heat. (rF-)
You are in touch with the powers of death.
You do not drink.


Message History

Your hound bites the cyclops but does no damage.
The cyclops throws a large rock.
The large rock hits your hound!!!
Your hound dies!
Your hound's corpse disappears in a puff of smoke!
The cyclops throws a large rock.
The large rock hits you!!
Your guardian golem overheats!
The cyclops hits your guardian golem!!
Your guardian golem disappears in a puff of smoke!
Your guardian golem explodes!
The fiery explosion engulfs the cyclops!!!
The cyclops dies!
Your Invocations skill increases to level 4!
Okay, then.
Casting: Summon Guardian Golem (dangerous; 3% risk of failure)
Confirm with . or Enter, or press ? or * to list all spells.
Okay, then.
Okay, then.
Casting: Summon Guardian Golem (dangerous; 3% risk of failure)
Confirm with . or Enter, or press ? or * to list all spells.
The cyclops throws a large rock.
The large rock hits you.
Casting: Call Canine Familiar (safe; 1% risk of failure)
Confirm with . or Enter, or press ? or * to list all spells.
Okay, then.
Casting: Call Canine Familiar (safe; 1% risk of failure)
Confirm with . or Enter, or press ? or * to list all spells.
A beastly little devil appears in a puff of flame.
Your hound bites the cyclops.
The cyclops throws a large rock.
The large rock hits you!!!
Ouch! That really hurt!
* * * LOW HITPOINT WARNING * * *
Okay, then.
As you read the scroll labelled GAPSEQ YMOTHA, it crumbles to dust.
You feel strangely unstable.
It was a scroll of teleportation.
Your hound bites the cyclops.
Your hound barely misses the cyclops.
Okay, then.
Okay, then.
Your hound bites the cyclops but does no damage.
Your hound bites the cyclops but does no damage.
The cyclops hits you!
You die...

### #.# #P. #.##
#C#+ #..# #.#(
#..# #C## #..#####
P.. #..C.(§#
#.###'###)####.#
#.†.......# #5#
#.(####.##..# #@#
# #...####.####C#
#####.......C...h#
...#.#.#.##.######
#..####.#.#.#
.#..........#
#(#.#######.#
#.#.# #..# ..#.#
#..#


You could see a cyclops (ally target), a friendly hound (summoned) and a
friendly crimson imp (summoned).

Vanquished Creatures
  A sky beast (D:7)
  2 bullfrogs (D:7)
  A howler monkey (D:4)
  An orc priest (D:3)
  Natasha (D:2)
  Ijyb (D:3)
  6 adders
  An ufetubus (D:7)
  A worm (D:2)
  A dart slug (D:2)
  7 orcs
  6 ball pythons
  An endoplasm (D:4)
  2 giant cockroaches (D:4)
  2 hobgoblins
  3 bats
  A frilled lizard (D:1)
  3 goblins
  3 kobolds
  3 rats
  A spectral kobold (D:6)
48 creatures vanquished.

Vanquished Creatures (collateral kills)
  A hornet (D:8)
  An ogre (D:6)
  A phantom (D:7)
  A necrophage (D:7)
  A scorpion (D:6)
  A wight (D:8)
  A killer bee (D:8)
  A jelly (D:4)
  4 orc priests
  Terence (D:3)
  2 iguanas
  Natasha (twice) (D:2)
  11 orc wizards
  Robin (D:3)
  4 gnolls (D:4)
  2 adders
  A river rat (D:8)
  A shadow imp (D:6)
  2 white imps
  3 worms
  18 orcs
  5 endoplasms
  A giant cockroach (D:4)
  10 goblins
  6 hobgoblins
  8 jackals
  6 kobolds
  3 quokkas
  A ball python (D:2)
  3 bats
  3 frilled lizards (D:1)
  3 rats
109 creatures vanquished.

Vanquished Creatures (others)
  3 death yaks (D:8)
  2 cyclopes
  Sigmund (D:5)
  A wyvern (D:8)
  2 wights (D:8)
  3 ancestors (D:8)
  2 fungi (D:3)
  2 plants (D:8)
16 creatures vanquished.

Grand Total: 173 creatures vanquished

Notes
Turn   | Place    | Note
-------+----------+-------------------------------------------
     0 | D:1      | Zeldest the Mummy Summoner began the quest for the Orb.
     0 | D:1      | Reached XP level 1. HP: 13/13 MP: 4/4
   643 | D:1      | Reached XP level 2. HP: 20/20 MP: 2/5
   875 | D:1      | Learned a level 2 spell: Call Imp
  1281 | D:2      | Reached skill level 1 in Fighting
  1281 | D:2      | Gained mutation: You are in touch with the powers of death.
                  | [Mummy growth]
  1281 | D:2      | Reached XP level 3. HP: 17/26 MP: 4/7
  1431 | D:2      | Learned a level 3 spell: Call Canine Familiar
  1816 | D:2      | Noticed Natasha
  1859 | D:2      | Killed Natasha
  1860 | D:2      | Reached skill level 4 in Summonings
  1860 | D:2      | Reached XP level 4. HP: 4/32 MP: 2/9
  2255 | D:2      | Noticed Natasha
  2268 | D:2      | Killed Natasha
  2341 | D:2      | Noticed Natasha
  2482 | D:2      | Killed Natasha
  2639 | D:3      | Found a runed translucent door.
  2640 | D:3      | Noticed Crazy Yiuf
  2811 | D:3      | Reached XP level 5. HP: 38/38 MP: 3/11
  2995 | D:3      | Noticed Ijyb
  3009 | D:3      | Killed Ijyb
  3010 | D:3      | Reached XP level 6. HP: 22/46 MP: 6/12
  3044 | D:3      | Noticed Terence
  3054 | D:3      | Killed Terence
  3277 | D:3      | Reached skill level 5 in Summonings
  3654 | D:3      | Noticed Robin
  3660 | D:3      | Killed Robin
  3945 | D:3      | Found a broken altar of Ashenzari.
  4195 | D:4      | Reached skill level 5 in Spellcasting
  4280 | D:4      | Learned a level 3 spell: Summon Guardian Golem
  4319 | D:4      | Reached XP level 7. HP: 52/52 MP: 8/14
  4442 | D:4      | Reached skill level 1 in Polearms
  4644 | D:4      | Reached skill level 1 in Hexes
  4984 | D:4      | Found a basalt altar of Yredelemnul.
  4987 | D:4      | Noticed a profane servitor
  5370 | D:4      | Noticed an angel
  5394 | D:5      | Entered Level 5 of the Dungeon
  6094 | D:5      | Noticed Sigmund
  6121 | D:5      | Killed Sigmund
  6122 | D:5      | Reached skill level 6 in Summonings
  6460 | D:6      | Noticed a cyclops
  6513 | D:6      | Reached XP level 8. HP: 35/60 MP: 7/15
  7476 | D:6      | Killed a cyclops
  7896 | D:6      | Found a hazy altar of Hepliaklqana.
  8034 | D:6      | Became a worshipper of Hepliaklqana the Forgotten
  8077 | D:7      | Found a staircase to the Ecumenical Temple.
  8307 | Temple   | Entered the Ecumenical Temple
  8615 | D:7      | Reached skill level 5 in Fighting
  8615 | D:7      | Reached skill level 7 in Summonings
  8902 | D:7      | Reached skill level 1 in Invocations
  9192 | D:7      | Found a sacrificial altar of Ru.
  9399 | D:7      | Reached * piety under Hepliaklqana
  9682 | D:7      | Found a snail-covered altar of Cheibriados.
  9770 | D:8      | Noticed a death yak
  9791 | D:8      | Noticed a death yak
  9793 | D:8      | Noticed a death yak
  9799 | D:8      | Killed a death yak
  9800 | D:8      | Reached XP level 9. HP: 61/61 MP: 8/16
  9800 | D:8      | Killed a death yak
  9801 | D:8      | Reached skill level 8 in Summonings
  9881 | D:8      | Found Pyasejob's Antique Weapon Shop.
  9903 | D:8      | Bought an ichor-stained rapier for 261 gold pieces
  9903 | D:8      | Identified the +5 rapier "Viure" {flame, rN+ rCorr} (You
                  | bought it in a shop on level 8 of the Dungeon)
  9965 | D:8      | Killed a death yak
  9966 | D:8      | Reached XP level 10. HP: 69/69 MP: 11/17
 10054 | D:8      | Found an opulent altar of Gozag.
 10054 | D:8      | Found a blossoming altar of Fedhas.
 10064 | D:8      | Found an ornate altar of the Wu Jian Council.
 10066 | D:8      | Found an ancient bone altar of Kikubaaqudgha.
 10105 | D:8      | Found a staircase to the Lair.
 10280 | D:8      | Noticed a cyclops
 10280 | D:8      | Noticed a cyclops
 10308 | D:8      | Killed a cyclops
 10313 | D:8      | Mangled by a cyclops

Illustrated notes

Levels and vault maps discovered:
D:1:      dpeg_arrival_rhombi, layout_loops_ring
D:2:      wander_river, layout_rooms, bh_walls_and_bars, uniq_natasha
D:3:      layout_loops_corners, ashenzari_altar_1, uniq_crazy_yiuf_cottage,
          uniq_ijyb, uniq_terence, uniq_robin
D:4:      minmay_recursive_quarters, layout_basic,
          grunt_temple_overflow_holy_war
D:5:      layout_basic, uniq_sigmund
D:6:      layout_basic, nicolae_hepliaklqana_monster_ancestors,
          minmay_manual_mess
D:7:      layout_basic, cheibrodos_worm_habitat, lemuel_doored_altar,
          minmay_temple_entry_wispy, serial_rivers,
          chequers_serial_rivers_micro_e, chequers_serial_rivers_small_b,
          chequers_serial_rivers_marsh, chequers_serial_rivers_micro_b,
          chequers_serial_rivers_micro_c, chequers_serial_rivers_micro_a
D:8:      layout_loops_ring, chequers_temple_overflow_minitemple,
          dpeg_lair_monsters, serial_shops, nicolae_shop_waterfront,
          minmay_shattered_shrine
Temple:   bh_familiar_temple

Skill      XL: |  1  2  3  4  5  6  7  8  9 10 |
---------------+-------------------------------+-----
Spellcasting   | 3 4 5 |  5.0
Fighting       | 1 2 3 4 5 6 |  6.7
Summonings     | 4 5 6 7 8 |  8.8
Polearms       | 2 3 4 |  4.8
Hexes          | 2 3 |  3.0
Invocations    | 2 3 4 |  4.0
Dodging        | |  1.5
Stealth        | |  1.5

Action                   |  1- 3 |  4- 6 |  7- 9 | 10-12 || total
-------------------------+-------+-------+-------+-------++-------
Melee: Unarmed           |     5 |       |       |       ||     5
       Hand axe          |    34 |     8 |       |       ||    42
       Mace              |       |    38 |    90 |       ||   128
       Punch             |       |       |     1 |       ||     1
       Rapier            |       |       |       |     3 ||     3
 Cast: Summon Small Mamm |    34 |    11 |    16 |       ||    61
       Call Imp          |    14 |    16 |    12 |     1 ||    43
       Call Canine Famil |       |    18 |    30 |     7 ||    55
       Summon Guardian G |       |       |    14 |     2 ||    16
Invok: Ancestor Identity |       |       |     1 |       ||     1
       Recall Ancestor   |       |       |     1 |     1 ||     2
  Use: Scroll            |       |       |       |     1 ||     1
 Stab: Distracted        |     1 |       |     1 |       ||     2
       Sleeping          |     1 |     4 |     2 |       ||     7
Armor: Robe              |     9 |    14 |    30 |       ||    53
Dodge: Dodged            |    31 |    47 |    63 |     3 ||   144
